 Dungeon Crawl Stone Soup version 0.30-a0-165-g1891117ce2 (webtiles) character file.

Game seed: 1198609357053013288

1708 Belterius the Covered (level 8, -18/74 HPs)
             Began as a Minotaur Fighter on Sept 28, 2022.
             Was a Believer of Okawaru.
             Demolished by a vault guard
             ... wielding a +0 broad axe
              (24 damage)
             ... in a bailey.
             The game lasted 00:12:51 (6090 turns).

Belterius the Covered (Minotaur Fighter)            Turns: 6090, Time: 00:12:52

Health: -18/74     AC: 13    Str: 27    XL:     8   Next: 73%
Magic:  4/7        EV: 11    Int:  5    God:    Okawaru [**....]
Gold:   673        SH:  6    Dex:  9    Spells: 7/7 levels left

rFire   + . .      SeeInvis .    a - +1 hand axe (vorpal)
rCold   + . .      Faith    .    c - +0 buckler
rNeg    . . .      Spirit   .    b - +0 scale mail
rPois   +          Reflect  .    (helmet restricted)
rElec   +          Harm     .    (no cloak)
rCorr   +          Rampage  .    B - +2 pair of gloves of Refuge {Str+3}
Will    .....                    (no boots)
Stlth   +.........               (no amulet)
HPRegen 0.22/turn                (no ring)
MPRegen 0.10/turn                (no ring)

@: resistant, heroic
A: horns 2, retaliatory headbutt
a: Renounce Religion, Heroism


You were in a bailey.
You worshipped Okawaru.
Okawaru was pleased with you.
You visited 1 branch of the dungeon, and saw 7 of its levels.
You also visited: Ossuary and Bailey.

You collected 673 gold pieces.

Inventory:

Hand Weapons
 a - a +1 vorpal hand axe (weapon)
 M - a +0 broad axe
Missiles
 w - 3 boomerangs of dispersal (quivered)
Armour
 b - a +0 scale mail (worn)
 c - a +0 buckler (worn)
 B - the +2 pair of gloves of Refuge (worn) {Str+3}
   (You found it on level 4 of the Dungeon)

   Str:       It affects your strength (+3).
Jewellery
 e - a +6 ring of intelligence
 D - a ring of magical power
 F - a +6 ring of dexterity
 H - a +6 ring of intelligence
 L - the amulet of Elemental Vulnerability {rPois rF-- rC-- AC+8}
   (You found it on level 6 of the Dungeon)

   [amulet of nothing]

   AC:        It affects your AC (+8).
   rF:        It makes you very vulnerable to fire.
   rC:        It makes you very vulnerable to cold.
   rPois:     It protects you from poison.
Wands
 x - a wand of flame (3)
 y - a wand of light (5)
 J - a wand of paralysis (8)
Scrolls
 h - 3 scrolls of teleportation {unknown}
 j - 2 scrolls of enchant armour {unknown}
 k - 3 scrolls of enchant weapon {unknown}
 l - 2 scrolls of magic mapping {unknown}
 q - 3 scrolls of butterflies {unknown}
 s - 2 scrolls of fear {unknown}
 u - a scroll of brand weapon {unknown}
 z - a scroll of summoning {unknown}
 C - 4 scrolls of amnesia
 E - a scroll of noise {unknown}
 G - a scroll of silence {unknown}
 I - a scroll of immolation {unknown}
 K - 2 scrolls of identify
Potions
 d - 3 potions of might
 f - 9 potions of degeneration
 g - 3 potions of curing
 i - 3 potions of lignification
 m - 2 potions of berserk rage
 p - 2 potions of brilliance
 r - a potion of flight
 t - a potion of mutation
 v - 3 potions of haste
 A - 2 potions of attraction


   Skills:
 + Level 7.6(12.6) Fighting
 + Level 7.1(12.1) Axes
 + Level 7.6(12.6) Armour
 + Level 7.6(12.6) Shields


You had 7 spell levels left.
You didn't know any spells.
Your spell library contained the following spells:

 Spells                   Type           Power      Damage    Failure   Level
 Ensorcelled Hibernation  Hex/Ice        0%         N/A       87%         2
 Passwall                 Tmut/Erth      0%         N/A       87%         2
 Swiftness                Air            0%         N/A       98%         3


Dungeon Overview and Level Annotations

Branches:
Dungeon (7/15)             Temple (0/1) D:5         Ossuary (visited)
 Bailey (1/1)

Altars:
Elyvilon
Okawaru
Zin

Shops:
D:4 (

Annotations:
D:6 1 transporter, sastreii's ghost, novice FoFi Bailey Prince Ribbit


Innate Abilities, Weirdness & Mutations

You have a pair of horns on your head.
You reflexively headbutt those who attack you in melee.


Message History

The vault guard is lightly wounded.
You block the vault guard's attack.
You slash the vault guard! Your headbutt misses the vault guard.
The vault guard is moderately wounded.
The vault guard hits you with a +0 broad axe!
You hit the vault guard but do no damage.
The vault guard is moderately wounded.
You hit the vault guard but do no damage.
The vault guard is moderately wounded.
You feel like a meek peon again.
The vault guard hits you with a +0 broad axe!
You barely miss the vault guard.
The vault guard is moderately wounded.
The vault guard hits you with a +0 broad axe!
Okay, then.
You gain the combat prowess of a mighty hero.
Prince Ribbit blinks!
You block the vault guard's attack.
You closely miss the vault guard. You headbutt the vault guard.
The vault guard is moderately wounded.
The vault guard closely misses you.
You closely miss the vault guard.
The vault guard is moderately wounded.
The vault guard hits you with a +0 broad axe.
You barely miss the vault guard. Your headbutt misses the vault guard.
The vault guard is moderately wounded.
You slash the vault guard!
You headbutt the vault guard, but do no damage.
The vault guard is heavily wounded.
The vault guard hits you with a +0 broad axe!
* * * LOW HITPOINT WARNING * * *
You hit the vault guard.
You headbutt the vault guard, but do no damage.
The vault guard is heavily wounded.
The vault guard hits you with a +0 broad axe!
* * * LOW HITPOINT WARNING * * *
You closely miss the vault guard.
The vault guard is heavily wounded.
You feel protected.
The vault guard hits you with a +0 broad axe!!
You die...

##?$?## #?!.??#
#.....# #.....#
#..∩..#
###.....###
##≈##.F.##~##
##≈~~##p##~~~##
#≈~~...@...~~~#
##≈~~...~......##
#≈~~~...~..~≈≈≈.#
#≈~~~.....~≈###+#
#≈~~~...~~≈##
###≈~~~.~..~≈#
##.#≈~~~...~≈##
##..##≈~~~~.~≈#
##....#≈~≈≈~.~≈#


You could see a vault guard and Prince Ribbit.

Vanquished Creatures
  3 humans (Bailey)
  2 ice beasts
  2 ogres
  A centaur (D:3)
  A phantom (D:5)
  5 bullfrogs (Bailey)
  A scorpion (D:5)
  2 hounds
  3 iguanas
  8 mummies (Ossuary)
  5 gnolls
  2 adders
  A worm (D:2)
  3 dart slugs
  10 orcs
  5 endoplasms
  2 giant cockroaches
  A gnoll zombie (Ossuary)
  14 goblins
  17 hobgoblins
  3 jackals (D:1)
  7 kobolds
  6 quokkas
  6 ball pythons
  3 bats
  A frilled lizard (D:2)
  A hobgoblin zombie (Ossuary)
  A kobold zombie (Ossuary)
  5 orc zombies (Ossuary)
  3 rats
124 creatures vanquished.

Vanquished Creatures (others)
  14 plants (D:6)
14 creatures vanquished.

Grand Total: 138 creatures vanquished

Notes
Turn   | Place    | Note
-------+----------+-------------------------------------------
     0 | D:1      | Belterius the Minotaur Fighter began the quest for the Orb.
     0 | D:1      | Reached XP level 1. HP: 19/19 MP: 0/0
   164 | D:1      | Reached XP level 2. HP: 26/27 MP: 1/1
   544 | D:2      | Reached XP level 3. HP: 33/33 MP: 2/2
   580 | D:2      | You fall into a shaft and drop 2 floors!
   642 | D:4      | Found a sand-covered staircase.
   649 | Ossuary  | Entered an ossuary
   704 | Ossuary  | Reached XP level 4. HP: 23/41 MP: 3/3
   996 | Ossuary  | Reached XP level 5. HP: 31/47 MP: 4/4
  2123 | D:3      | Noticed a centaur
  2181 | D:3      | Killed a centaur
  2182 | D:3      | Reached skill level 5 in Fighting
  2182 | D:3      | Reached skill level 5 in Armour
  2182 | D:3      | Reached skill level 5 in Shields
  2759 | D:4      | Found Veinuwy's Weapon Emporium.
  2763 | D:4      | Reached XP level 6. HP: 56/56 MP: 5/5
  2941 | D:4      | Identified the +2 pair of gloves of Refuge {Str+3}
  3318 | D:4      | Found an iron altar of Okawaru.
  3387 | D:4      | Became a worshipper of Warmaster Okawaru
  3454 | D:5      | Entered Level 5 of the Dungeon
  3456 | D:5      | Found a staircase to the Ecumenical Temple.
  3737 | D:5      | Reached skill level 5 in Axes
  3792 | D:5      | Found a white marble altar of Elyvilon.
  3794 | D:5      | Noticed an ice beast
  3804 | D:5      | Killed an ice beast
  3805 | D:5      | Reached XP level 7. HP: 38/62 MP: 6/6
  4545 | D:6      | Reached * piety under Okawaru
  4613 | D:6      | Found a glowing silver altar of Zin.
  4625 | D:6      | Found the amulet of Elemental Vulnerability {rPois rF--
                  | rC-- AC+8}
  4764 | D:6      | Found a transporter.
  4765 | D:6      | Identified the +6 giant spiked club of the Destroying Gods
                  | {drain, +Blink}
  4766 | D:6      | Noticed sastreii's ghost (novice FoFi)
  5185 | D:7      | Identified the +1 scale mail of Indemnity {rPois rF+++
                  | Will+ Slay-3}
  5275 | D:7      | Found a flagged portal.
  5294 | Bailey   | Entered a bailey
  5306 | Bailey   | Noticed a human
  5307 | Bailey   | Noticed a human
  5333 | Bailey   | Killed a human
  5334 | Bailey   | Reached XP level 8. HP: 26/71 MP: 7/7
  5956 | Bailey   | Reached ** piety under Okawaru
  6067 | Bailey   | Noticed a vault guard
  6067 | Bailey   | Noticed Prince Ribbit
  6090 | Bailey   | Demolished by a vault guard

Illustrated notes

Levels and vault maps discovered:
D:1:      psy_arrival_basics, layout_rooms
D:2:      layout_rooms, minmay_vboxes
D:3:      layout_rooms, minmay_misc_feat_iff
D:4:      layout_rooms, nicolae_overflow_crystal_walls, serial_shops,
          nicolae_stop_n_shop_2, lightli_ossuary_entry_decrepit_ruins,
          minmay_goblin_kobold_house
D:5:      layout_loops_ring, elyvilon_altar_5, minmay_temple_entry_stoned_glass
D:6:      layout_loops_ring, mainiacjoe_overflow_chevrons,
          gammafunk_ghost_smash, chequers_decorated_corner
D:7:      layout_cave_pods, enter_bailey_7
Bailey:   bailey_axe_froggy_fort_hellmonk, bailey

Skill      XL: |  1  2  3  4  5  6  7  8 |
---------------+-------------------------+-----
Armour         | 4 5 6 7 |  7.6
Fighting       | 4 5 6 7 |  7.6
Shields        | 4 5 6 7 |  7.6
Axes           | 3 4 5 6 7 |  7.1

Action                   |  1- 3 |  4- 6 |  7- 9 || total
-------------------------+-------+-------+-------++-------
Melee: War axe           |    88 |   131 |    40 ||   259
       Headbutt          |    15 |    25 |    21 ||    61
       Broad axe         |       |       |    31 ||    31
       Hand axe          |       |       |    54 ||    54
Invok: Heroism           |       |       |     4 ||     4
  Use: Potion            |       |     5 |     3 ||     8
       Scroll            |       |       |     9 ||     9
Armor: Scale mail        |    52 |    68 |    35 ||   155
Dodge: Dodged            |    50 |    41 |    49 ||   140
Block: Buckler           |    25 |    25 |    28 ||    78

Table legend: (Time is in decaauts)
 A = Elapsed time spent in this place.
 B = Non-inter-level travel time spent in this place.
 C = Inter-level travel time spent in this place.
 D = Time resting spent in this place.
 E = Time spent auto-exploring this place.
 F = Levels seen in this place.
 G = Mean time per level.
                   A        B        C        D        E       F      G
               +--------+--------+--------+--------+--------+-----+--------+
         Total |   6181 |   5869 |    312 |   1052 |   3909 |   9 |  686.8 |
       Dungeon |   4789 |   4477 |    312 |    433 |   3371 |   7 |  684.1 |
       Ossuary |    591 |    591 |      0 |      8 |    475 |   1 |  591.0 |
        Bailey |    800 |    800 |      0 |    611 |     63 |   1 |  800.0 |
               +--------+--------+--------+--------+--------+-----+--------+

Top non-repeatable levels by time:
     D:6: 867 daAuts
     D:5: 850 daAuts
     D:2: 814 daAuts
     D:4: 804 daAuts
  Bailey: 800 daAuts
     D:3: 759 daAuts
 Ossuary: 591 daAuts
     D:1: 554 daAuts
     D:7: 138 daAuts
